 Dungeon Crawl Stone Soup version 0.28.0-53-g5a82cb258f (webtiles) character file.

Game seed: 18272937808480448597

28 DemonSlayer the Firebug (level 2, -2/19 HPs)
             Began as a Demonspawn Fire Elementalist on July 23, 2022.
             Killed from afar by Sigmund (7 damage)
             ... with a magic dart
             ... on level 2 of the Dungeon.
             The game lasted 00:03:18 (1826 turns).

DemonSlayer the Firebug (DsFE)                      Turns: 1826, Time: 00:03:19

Health: -2/19      AC:  2    Str:  8    XL:     2   Next: 96%
Magic:  5/5        EV: 12    Int: 16    God:
Gold:   66         SH:  0    Dex: 13    Spells: 3/6 levels left

rFire   . . .      SeeInvis .   b - +0 hand axe
rCold   . . .      Faith    .   (no shield)
rNeg    . . .      Spirit   .   a - +0 robe
rPois   .          Reflect  .   (no helmet)
rElec   .          Harm     .   (no cloak)
rCorr   .          Rampage  .   (no gloves)
Will    .....                   (no boots)
Stlth   +.........              (no amulet)
HPRegen 0.06/turn               (no ring)
MPRegen 0.09/turn               (no ring)

@: confused
A: weakness stinger 1
a: no special abilities


You were on level 2 of the Dungeon.
You visited 1 branch of the dungeon, and saw 2 of its levels.

You collected 66 gold pieces.

Inventory:

Hand Weapons
 b - a +0 hand axe (weapon)
 c - a +0 mace
Missiles
 i - 11 sling bullets
Armour
 a - a +0 robe (worn)
Scrolls
 d - a scroll of amnesia {unknown}
 e - 2 scrolls of holy word {unknown}
 g - a scroll of fog {unknown}
 l - a scroll of teleportation {unknown}
Potions
 f - a potion of cancellation {unknown}
 h - 2 potions of curing {unknown}
 j - a potion of heal wounds {unknown}
 k - 2 potions of haste {unknown}
 m - a potion of magic {unknown}
 n - a potion of lignification {unknown}


   Skills:
 + Level 1.7 Dodging
 + Level 1.8 Stealth
 + Level 2.5 Spellcasting
 + Level 1.2 Conjurations
 + Level 3.3 Fire Magic


You had 3 spell levels left.
You knew the following spells:

 Your Spells              Type           Power      Damage    Failure   Level
a - Foxfire               Conj/Fire      36%        2x1d5     8%          1
b - Scorch                Fire           24%        2d6       8%          2

Your spell library contained the following spells:

 Spells                   Type           Power      Damage    Failure   Level
 Slow                     Hex            8%         N/A       21%         1
 Conjure Flame            Conj/Fire      9%         6-21      24%         3
 Inner Flame              Hex/Fire       7%         N/A       30%         3
 Confusing Touch          Hex            2%         N/A       52%         3
 Vampiric Draining        Necr           2%         2d6       52%         3
 Flame Wave               Conj/Fire      9%         2d5       61%         4


Dungeon Overview and Level Annotations

Branches:
Dungeon (2/15)

Altars:

Annotations:
D:2 Sigmund


Innate Abilities, Weirdness & Mutations

You have a small tail.


Message History

Your foxfire dissipates!
Your foxfire dissipates!
Your foxfire dissipates! x2
Your foxfire dissipates!
Things that are here:
a +0 dagger; 4 stones Sigmund the Dreaded comes into view.
He is wielding a +0 scythe.
Sigmund shouts!
Sigmund casts a spell at you.
You are confused.
Sigmund is nearby!
Sigmund is nearby!
Sigmund is nearby!
Sigmund casts a spell at you. You resist with significant effort.
You see here a scroll labelled HEUDGH CUF JACK.
You bump into the rock wall.
Sigmund points at you and mumbles some strange words.
The magic dart hits you!
You bump into the rock wall.
Sigmund misses you.
You see here a scroll labelled HEUDGH CUF JACK.
You bump into the rock wall.
You feel less confused. Sigmund closely misses you.
Sigmund says, "Don't worry, I'll kill you fast."
Sigmund casts a spell at you. The magic dart hits you.
Sigmund gestures wildly while chanting.
Sigmund flickers and vanishes!
Deactivating autopickup; reactivate with Ctrl-A.
A magic dart appears from out of thin air!
The magic dart hits you.
* * * LOW HITPOINT WARNING * * *
Things that are here:
a +0 dagger; 4 stones You are confused.
You're too confused to move!
A magic dart appears from out of thin air!
The magic dart hits you!
You die...

#.# #.# #.# #.# #.#
#.# #<# ######.#
########@.....#
#........######
#{#################
#....){...........#
#..##############.#
#..# #.# #..# #@#
#..# #########.#
#..# ........?.#


There were no monsters in sight!

Vanquished Creatures
  A worm (D:2)
  2 ball pythons (D:2)
  2 bats
  3 endoplasms
  2 giant cockroaches
  3 goblins
  4 hobgoblins
  A frilled lizard (D:1)
  3 kobolds (D:2)
  A rat (D:2)
22 creatures vanquished.

Vanquished Creatures (others)
  74 foxfires
74 creatures vanquished.

Grand Total: 96 creatures vanquished

Notes
Turn   | Place    | Note
-------+----------+-------------------------------------------
     0 | D:1      | DemonSlayer the Demonspawn Fire Elementalist began the
                  | quest for the Orb.
     0 | D:1      | Reached XP level 1. HP: 13/13 MP: 3/3
   256 | D:1      | Reached skill level 3 in Fire Magic
   520 | D:1      | Gained mutation: You have a small tail. [demonic ancestry]
   520 | D:1      | Reached XP level 2. HP: 19/19 MP: 0/5
   523 | D:1      | Learned a level 2 spell: Scorch
  1792 | D:2      | Noticed Sigmund
  1826 | D:2      | Killed from afar by Sigmund

Illustrated notes

Levels and vault maps discovered:
D:1:      grunt_arrival_lava_bath, layout_basic, shapermc_ecumenical_altar_petra
D:2:      layout_basic, moated_statue, minmay_pentomino_s4, uniq_sigmund

Skill      XL: |  1 |
---------------+----+-----
Fire Magic     | 3 |  3.3
Dodging        | |  1.7
Stealth        | |  1.8
Spellcasting   | |  2.5
Conjurations   | |  1.2

Action                   || total
-------------------------++-------
Melee: Hand axe          ||    18
       Tailslap          ||     2
 Cast: Foxfire           ||    46
Armor: Robe              ||     4
Dodge: Dodged            ||    16
